 Dungeon Crawl Stone Soup version 0.21-a0-404-g291f19a (webtiles) character file.

12 Hasart the Skirmisher (level 2, -2/19 HPs)
             Began as a Gargoyle Fighter on Oct 26, 2017.
             Slain by a leopard gecko (3 damage)
             ... on level 1 of the Dungeon.
             The game lasted 00:00:37 (72 turns).

Hasart the Skirmisher (Gargoyle Fighter)              Turns: 72, Time: 00:00:38

Health: -2/19      AC:  9    Str: 19    XL:     2   Next: 33%
Magic:  2/2        EV:  7    Int:  8    God:
Gold:   0          SH:  9    Dex:  9    Spells: 1/1 levels left

rFire    . . .     SeeInvis .   a - +0 flail
rCold    . . .     Gourm    .   c - +0 shield
rNeg     + . .     Faith    .   b - +0 scale mail
rPois    ∞         Spirit   .   (no helmet)
rElec    +         Reflect  .   (no cloak)
rCorr    .         Harm     .   (no gloves)
MR       .....                  (no boots)
Stlth    ..........             (no amulet)
HPRegen  0.06/turn              (no ring)
MPRegen  0.08/turn              (no ring)

@: no status effects
A: negative energy resistance 1, electricity resistance, unbreathing,
petrification resistance, rot immunity, AC +2
a: no special abilities


You were on level 1 of the Dungeon.
You were not hungry.

You visited 1 branch of the dungeon, and saw 1 of its levels.

Inventory:

Hand Weapons
 a - a +0 flail (weapon)
Armour
 b - a +0 scale mail (worn)
 c - a +0 shield (worn)
Potions
 d - a potion of might
Comestibles
 f - a bread ration


   Skills:
 - Level 3.4 Fighting
 * Level 2.3 Maces & Flails
 - Level 3.4 Armour
 - Level 3.4 Shields


You had one spell level left.
You didn't know any spells.

Dungeon Overview and Level Annotations

Branches:
Dungeon (1/15)

Altars:


Innate Abilities, Weirdness & Mutations

You are resistant to torment.
Your stone body is resilient. (AC +2)
You are immune to poison.
You resist negative energy. (rN+)
You are resistant to electric shocks. (rElec)
You can survive without breathing.
You are immune to petrification.
You are immune to rotting.


Message History

The jackal splashes around in the water.
The leopard gecko closely misses you. You block the jackal's attack.
Unknown command.
You closely miss the leopard gecko. The jackal completely misses you.
The jackal splashes around in the water.
The leopard gecko barely misses you. The jackal closely misses you.
The jackal barely misses you.
You barely miss the leopard gecko.
The leopard gecko bites you but does no damage.
The jackal bites you but does no damage. x2
The leopard gecko bites you.
* * * LOW HITPOINT WARNING * * *
The jackal bites you but does no damage.
Your shield prevents you from hitting the leopard gecko.
You block the jackal's attack.
The leopard gecko bites you but does no damage.
You block the jackal's attack.
The jackal splashes around in the water.
The leopard gecko bites you.
You die...

# . #. .. .. ###.#
.# ..
.?..######.##.#
#..≈≈≈≈≈≈≈≈≈≈#
#####..≈8≈≈§≈≈≈8≈##
....#..≈)8≈≈≈≈8≈≈.##
##.....≈)(####≈≈≈..?
.......≈§h@.<#≈≈≈.#
##..#..≈§hl..#§≈≈##
.......≈≈≈####≈§≈#
.......≈≈8≈≈≈≈8≈≈#
#......≈8≈≈≈§≈≈8≈#
.......≈≈≈≈≈≈≈≈≈≈..
%.#........$.......#
. #......#....###.##
##....$#....# ..


You could see a leopard gecko and 2 jackals.

Vanquished Creatures
  A dart slug (D:1)
  2 bats (D:1)
  A goblin (D:1)
  A hobgoblin (D:1)
  A jackal (D:1)
  3 kobolds (D:1)
9 creatures vanquished.

Notes
Turn   | Place    | Note
-------+----------+-------------------------------------------
     0 | D:1      | Hasart the Gargoyle Fighter began the quest for the Orb.
     0 | D:1      | Reached XP level 1. HP: 14/14 MP: 1/1
    21 | D:1      | Reached XP level 2. HP: 19/19 MP: 2/2
    72 | D:1      | Slain by a leopard gecko

Vault maps used:
D:1:      lightli_arrival_boilingwater, minmay_misc_feat_cross

Action                   || total
-------------------------++-------
Melee: Flail             ||    59
Armor: Scale mail        ||    85
Dodge: Dodged            ||    64
Block: Shield            ||    67

Table legend:
 A = Spawn XP
 B = Non-spawn XP
 C = Spawn XP percentage of total XP
 D = Spawn monster count
 E = Non-spawn monster count
 F = Spawn count percentage of total count
 G = Total turns spent on level
                    A         B        C        D         E        F      G
               +---------+---------+-------+---------+---------+-------+---------
         Total |       0 |      18 |   0.0 |       0 |       9 |   0.0 |    72
               +---------+---------+-------+---------+---------+-------+---------
           D:1 |       0 |      18 |   0.0 |       0 |       9 |   0.0 |    72
               +---------+---------+-------+---------+---------+-------+---------
